 Dungeon Crawl Stone Soup version 0.28-a0-1143-gcf6077d4cc (webtiles) character file.

Game seed: 16266928341102423358

102 spaghetti the Ruffian (level 4, -1/35 HPs)
             Began as a Demonspawn Berserker on Dec 14, 2021.
             Was a Believer of Trog.
             Slain by a goblin (4 damage)
             ... led by Robin
             ... on level 3 of the Dungeon.
             The game lasted 00:03:07 (2386 turns).

spaghetti the Ruffian (Demonspawn Berserker)        Turns: 2386, Time: 00:03:08

Health: -1/35      AC:  2    Str: 18 (19) XL:     4   Next: 50%
Magic:  4/4        EV: 12    Int:  8 (9)  God:    Trog [**....]
Gold:   43         SH:  0    Dex: 11 (12) Spells: 3/3 levels left

rFire   . . .      SeeInvis .     - Unarmed
rCold   . . .      Faith    .   (no shield)
rNeg    . . .      Spirit   .   a - +0 animal skin
rPois   .          Reflect  .   (no helmet)
rElec   .          Harm     .   (no cloak)
rCorr   .          Rampage  .   (no gloves)
Will    .....                   (no boots)
Stlth   +.........              (no amulet)
HPRegen 0.11/turn               (no ring)
MPRegen 0.09/turn               (no ring)

@: on berserk cooldown, slowed, very slow
A: spiny 1, weakness stinger 1
a: Renounce Religion, Berserk, Trog's Hand


You were on level 3 of the Dungeon.
You worshipped Trog.
Trog was pleased with you.
You visited 1 branch of the dungeon, and saw 3 of its levels.

You collected 43 gold pieces.


Innate Abilities, Weirdness & Mutations

You are partially covered in sharp spines.
You have a small tail.


   Skills:
 - Level 3.0 Fighting
 + Level 1.8 Throwing
 - Level 1.7 Armour
 - Level 1.7 Dodging
 + Level 4.3 Unarmed Combat


You had 3 spell levels left.
You didn't know any spells.
Your spell library contained the following spells:

 Spells                   Type           Power      Damage    Failure   Level
 Scorch                   Fire           0%         2d5       54%         2
 Flame Wave               Conj/Fire      0%         2d4       99%         4
 Summon Cactus Giant      Summ           0%         N/A       100%        6

Inventory:

Hand Weapons
 d - a +0 club {mace}
   (You took it off a goblin on level 1 of the Dungeon)
Missiles
 b - 24 sling bullets
 e - 4 datura-tipped darts (quivered) {throwing}
 g - 48 stones {throwing}
Armour
 a - a +0 animal skin (worn)
 h - a +0 leather armour of poison resistance
   (You found it on level 1 of the Dungeon)
Jewellery
 k - a ring of flight
   (You found it on level 2 of the Dungeon)
Scrolls
 i - 2 scrolls of vulnerability {!r!r}
 j - a scroll of brand weapon {unknown}
Potions
 c - a potion of magic

Dungeon Overview and Level Annotations

Branches:
Dungeon (3/15)

Altars:
Sif Muna

#..# ...# #..#
#..# #..#
#..######
#########).......
#..)))†)@g..#
.....########..#
### ....# ..#.#


gg# # .g# ..# .## You could see a goblin.


Message History

😨 HP[-2]
You take 2 damage, and now have 21/52 hp.
Unknown command.
You hit the hobgoblin.
Your tail-slap misses the hobgoblin.
You feel sick.
The hobgoblin closely misses you. 😨 HP[-2]
You take 2 damage, and now have 19/52 hp.
You hit the hobgoblin.
You kill the hobgoblin!
Trog accepts your kill.
You feel sick. Robin throws the goblin at you!
The goblin hits you with a +0 dagger.
* * * LOW HITPOINT WARNING * * *
😨 HP[-3]
You take 3 damage, and now have 16/52 hp.
You hit the goblin.
You kill the goblin!
Trog accepts your kill.
You feel sick.
You hit the rat.
You kill the rat!
Trog accepts your kill. Robin throws the goblin at you!
You punch the hobgoblin!
You kill the hobgoblin!
Trog accepts your kill.
You feel sick. The goblin barely misses you.
A goblin comes into view. It is wielding a +0 club. 😨 HP[-1]
You take 1 damage, and now have 15/52 hp.
You closely miss the goblin. You tail-slap the goblin.
You kill the goblin!
Trog accepts your kill.
You feel sick. 😨 HP[-1]
You take 1 damage, and now have 14/52 hp.
The hobgoblin misses you.
Things that are here:
a rat corpse; a hobgoblin corpse You closely miss the hobgoblin.
You feel sick. The hobgoblin misses you. 😱 HP[-1]
You take 1 damage, and now have 13/52 hp.
You closely miss the hobgoblin. You tail-slap the hobgoblin.
You feel sick. 😱 HP[-1]
You take 1 damage, and now have 12/52 hp.
You closely miss the hobgoblin. You tail-slap the hobgoblin.
You kill the hobgoblin!
Trog accepts your kill.
You hit Robin. You tail-slap Robin!
You kill Robin!
Trog accepts your kill.
You feel sick. 😱 HP[-1]
You take 1 damage, and now have 11/52 hp.
Items here: ) / [[ ††.
You punch the dart slug!
You kill the dart slug!
Trog accepts your kill.
You feel sick.
You are no longer poisoned.
The goblin no longer looks unusually strong.
You see here a dart slug corpse.
You closely miss the goblin.
The goblin no longer looks unusually strong.
The goblin hits you with a +0 club.
* * * LOW HITPOINT WARNING * * *
A goblin comes into view. It is wielding a +0 dagger. 😱 HP[-1]
You take 1 damage, and now have 10/52 hp.
You closely miss the goblin.
Your tail-slap misses the goblin.
The goblin is struck by your spines. The goblin hits you with a +0 club.
* * * LOW HITPOINT WARNING * * *
😱 HP[-2]
You take 2 damage, and now have 8/52 hp.
You barely miss the goblin. You punch the goblin!
You kill the goblin!
Trog accepts your kill. The goblin is struck by your spines.
The goblin closely misses you.
You hit the goblin.
You kill the goblin!
Trog accepts your kill.
You are no longer berserk.
You are exhausted.
You feel yourself slow down. 😱 HP[-3]
You now have 35 max hp (-17).
It was a potion of degeneration.
There was something very wrong with that liquid.
You feel weakened.
You feel dopey.
You feel clumsy. The goblin hits you with a +0 dagger.
* * * LOW HITPOINT WARNING * * *
😱 HP[-2]
You take 2 damage, and now have 3/35 hp.
Unknown command.
It was a potion of berserk rage.
You're still recovering from your berserk rage.
The goblin no longer looks unusually strong.
The goblin hits you with a +0 dagger.
You die...

Skill      XL: |  1  2  3 |
---------------+----------+-----
Unarmed Combat | 3 4 |  4.3
Throwing       | 1 |  1.8
Fighting       | |  3.0
Armour         | |  1.7
Dodging        | |  1.7

Action                   |  1- 3 |  4- 6 || total
-------------------------+-------+-------++-------
Melee: Unarmed           |   104 |    23 ||   127
       Tailslap          |    10 |     4 ||    14
       Punch             |     3 |       ||     3
Invok: Berserk           |       |     1 ||     1
  Use: Scroll            |     5 |       ||     5
       Potion            |       |     2 ||     2
 Stab: Sleeping          |     3 |       ||     3
Armor: Animal skin       |    24 |     4 ||    28
Dodge: Dodged            |    67 |    11 ||    78

Levels and vault maps discovered:
D:1:      dpeg_arrival_lava_altar, layout_basic
D:2:      layout_loops_ring, hellmonk_ecumenical_altar_pennies_from_heaven,
          kennysheep_generic_room_16
D:3:      layout_loops_ring, grunt_temple_overflow_bloody_war,
          hangedman_decor_diamond_cutter, uniq_robin, uniq_sigmund

Notes
Turn   | Place    | Note
-------+----------+-------------------------------------------
     0 | D:1      | spaghetti the Demonspawn Berserker began the quest for the
                  | Orb.
     0 | D:1      | Reached XP level 1. HP: 18/18 MP: 1/1
     0 | D:1      | magus.rc [v1.9.6]
    88 | D:1      | You pick up a book of Scorching {forbidden} and begin
                  | reading...
    88 | D:1      | You add the spells Scorch, Flame Wave and Summon Cactus
                  | Giant to your library.
   114 | D:1      | Reached skill level 3 in Unarmed Combat
   257 | D:1      | Gained mutation: You have a small tail. [demonic ancestry]
   257 | D:1      | Reached XP level 2. HP: 21/24 MP: 2/2
  1057 | D:1      | Gained mutation: You are partially covered in sharp spines.
                  | [demonic ancestry]
  1057 | D:1      | Reached XP level 3. HP: 22/29 MP: 3/3
  1339 | D:1      | Found a shimmering blue altar of Sif Muna.
  1653 | D:2      | Reached skill level 4 in Unarmed Combat
  1674 | D:2      | Found a faded altar of an unknown god.
  1738 | D:2      | Reached ** piety under Trog
  1739 | D:2      | Reached skill level 1 in Throwing
  2205 | D:2      | Reached XP level 4. HP: 35/35 MP: 4/4
  2354 | D:3      | Noticed Robin
  2373 | D:3      | HP: 13/52 [poisoned by a goblin]
  2376 | D:3      | Killed Robin
  2378 | D:3      | HP: 11/52 [poisoned by a goblin]
  2385 | D:3      | HP: 3/35 [goblin[Robin] (3)]
  2386 | D:3      | Slain by a goblin

Vanquished Creatures
  Robin (D:3)
  An adder (D:2)
  2 worms (D:2)
  4 dart slugs
  4 bats
  8 endoplasms
  A giant cockroach (D:2)
  11 goblins
  5 hobgoblins
  4 jackals (D:1)
  5 kobolds
  3 quokkas
  7 ball pythons
  3 frilled lizards
  3 rats
62 creatures vanquished.

Table legend:
 A = Non-vault XP
 B = Vault XP
 C = Vault XP percentage of total XP
 D = Non-vault monster count
 E = Vault monster count
 F = Vault count percentage of total count
                 A         B        C        D         E       F
            +---------+---------+-------+---------+---------+-------
      Total |     106 |      41 |  27.9 |      47 |      15 |  24.2
            +---------+---------+-------+---------+---------+-------
        D:1 |      49 |       0 |   0.0 |      25 |       0 |   0.0
        D:2 |      52 |       4 |   7.1 |      20 |       3 |  13.0
        D:3 |       5 |      37 |  88.1 |       2 |      12 |  85.7
            +---------+---------+-------+---------+---------+-------

Illustrated notes

Table legend:
 A = Kills in this place as a percentage of kills in entire the game.
 B = Kills by you in this place as a percentage of kills by you in the entire game.
 C = Kills by friends in this place as a percentage of kills by friends in the entire game.
 D = Other kills in this place as a percentage of other kills in the entire game.
 E = Experience gained in this place as a percentage of experience gained in the entire game.
 F = Experience gained in this place divided by the number of levels of this place that you have seen.
                   A       B       C       D       E      F
               +-------+-------+-------+-------+-------+----------------------
         Total | 100.0 | 100.0 |   N/A |   N/A | 100.0 |  49.0
       Dungeon | 100.0 | 100.0 |   N/A |   N/A | 100.0 |  49.0
               +-------+-------+-------+-------+-------+----------------------

Table legend: (Time is in decaauts)
 A = Elapsed time spent in this place.
 B = Non-inter-level travel time spent in this place.
 C = Inter-level travel time spent in this place.
 D = Time resting spent in this place.
 E = Time spent auto-exploring this place.
 F = Levels seen in this place.
 G = Mean time per level.
                   A        B        C        D        E       F      G
               +--------+--------+--------+--------+--------+-----+--------+
         Total |   2372 |   2324 |     48 |    388 |   1634 |   3 |  790.7 |
       Dungeon |   2372 |   2324 |     48 |    388 |   1634 |   3 |  790.7 |
               +--------+--------+--------+--------+--------+-----+--------+

Top non-repeatable levels by time:
     D:1: 1346 daAuts
     D:2: 1001 daAuts
     D:3: 24 daAuts
